 Dungeon Crawl Stone Soup version 0.26.0-7-g794d0892b4 (webtiles) character file.

Game seed: 640341390402625554

1404 vvl the Skirmisher (level 8, -3/74 HPs)
             Began as a Hill Orc Fighter on Jan 11, 2021.
             Was a Believer of Beogh.
             Slain by a wyvern zombie (9 damage)
             ... in an ossuary.
             The game lasted 00:15:12 (6455 turns).

vvl the Skirmisher (Hill Orc Fighter)               Turns: 6455, Time: 00:15:15

Health: -3/74      AC:  9    Str: 21    XL:     8   Next: 69%
Magic:  11/11      EV:  9    Int:  8    God:    Beogh [**....]
Gold:   294        SH:  0    Dex: 10    Spells: 7/7 levels left

rFire    . . .     SeeInvis .   q - +4 quarterstaff (chaos)
rCold    . . .     Faith    .   (shield currently unavailable)
rNeg     . . .     Spirit   .   b - +0 scale mail
rPois    .         Reflect  .   (no helmet)
rElec    .         Harm     .   r - +0 cloak
rCorr    +         Rampage  .   (no gloves)
Will     .....                  s - +0 pair of boots
Stlth    ..........             (no amulet)
HPRegen  0.22/turn              f - ring of resist corrosion
MPRegen  0.12/turn              (no ring)

@: no status effects
A: no striking features
a: Renounce Religion, Smiting


You were in an ossuary.
You worshipped Beogh.
Beogh was pleased with you.
You visited 1 branch of the dungeon, and saw 6 of its levels.
You also visited: Ossuary.

You collected 294 gold pieces.

Inventory:

Hand Weapons
 a - a +0 war axe
 l - a +1 dagger of venom
 q - a +4 quarterstaff of chaos (weapon)
 x - a +2 short sword of draining
Armour
 b - a +0 scale mail (worn)
 c - a +0 kite shield
 r - a +0 cloak (worn)
 s - a +0 pair of boots (worn)
Jewellery
 f - a ring of resist corrosion (left hand)
 B - an uncursed ring of poison resistance
 C - an uncursed amulet of reflection {unknown}
Wands
 d - a wand of polymorph (4)
 D - a wand of paralysis (9)
 E - a wand of digging (4)
Scrolls
 h - 2 scrolls of amnesia {unknown}
 j - a scroll of noise {unknown}
 n - 2 scrolls of immolation {unknown}
 o - 2 scrolls of enchant weapon {unknown}
 p - a scroll of random uselessness
 t - a scroll of fog
 v - 2 scrolls of fear
 w - 4 scrolls of remove curse {unknown}
 y - a scroll of teleportation
 A - a scroll of enchant armour
Potions
 e - a potion of berserk rage {unknown}
 g - 2 potions of curing {unknown}
 i - 3 potions of ambrosia {unknown}
 k - a potion of brilliance {unknown}
 u - 2 potions of heal wounds {unknown}
 z - a potion of lignification {unknown}


   Skills:
 * Level 7.7 Fighting
 + Level 5.8 Axes
 + Level 5.2 Armour
 + Level 5.4 Shields
 + Level 4.8 Invocations
 + Level 3.6 Evocations


You had 7 spell levels left.
You didn't know any spells.
Your spell library was empty.

Dungeon Overview and Level Annotations

Branches:
Dungeon (6/15)             Temple (0/1) D:4         Ossuary (1/1)

Altars:
Fedhas
Makhleb
Qazlal
Xom


Message History

The wyvern zombie bites you but does no damage.
You hit the wyvern zombie.
The wyvern zombie seems to speed up.
The wyvern zombie is lightly damaged.
The wyvern zombie barely misses you.
The wyvern zombie bites you but does no damage.
A mummy comes into view.
You barely miss the wyvern zombie.
The wyvern zombie is lightly damaged.
The wyvern zombie barely misses you.
The wyvern zombie bites you but does no damage.
The wyvern zombie bites you!
* * * LOW HITPOINT WARNING * * *
You hit the wyvern zombie.
The wyvern zombie is moderately damaged.
The wyvern zombie bites you!
* * * LOW HITPOINT WARNING * * *
The wyvern zombie bites you.
* * * LOW HITPOINT WARNING * * *
The wyvern zombie bites you!
You die...

#+# # ..+.#
#####≈#≈##
#...#M≈.≈#
#.∩.Z.#
#∩.@#...≈≈#
#####.≈#≈≈≈≈#
+...#≈#≈#
#.≈## ≈≈ #≈..
## ≈≈#≈#
#.'.#


You could see a mummy and a wyvern zombie (fast).

Vanquished Creatures
  An oklob plant (D:3)
  A phantom (D:4)
  A scorpion (D:6)
  3 wights (D:5)
  A howler monkey (D:5)
  2 centaur zombies (Ossuary)
  A bullfrog skeleton (D:4)
  8 mummies (Ossuary)
  An orc wizard (D:3)
  Crazy Yiuf (D:4)
  2 hounds
  A jelly (D:5)
  An iguana (D:6)
  A worker ant (D:4)
  A killer bee zombie (D:5)
  A hound zombie (D:5)
  6 adders
  2 shadow imps
  2 ufetubi
  4 adder zombies
  An adder skeleton (D:4)
  4 worms
  3 dart slugs
  A leopard gecko (D:5)
  10 orcs
  A ball python (D:5)
  3 giant cockroaches
  6 goblins
  8 hobgoblins
  7 kobolds
  A ball python zombie (Ossuary)
  7 bats
  4 frilled lizards
  A giant cockroach zombie (Ossuary)
  A jackal zombie (Ossuary)
  A leopard gecko skeleton (D:6)
  A leopard gecko zombie (Ossuary)
  A quokka zombie (Ossuary)
  6 rats
108 creatures vanquished.

Vanquished Creatures (others)
  A centaur (D:5)
  An orc (D:5)
  29 fungi (D:3)
  38 plants (D:3)
  16 toadstools (D:3)
  4 withered plants (Ossuary)
89 creatures vanquished.

Grand Total: 197 creatures vanquished

Notes
Turn   | Place    | Note
-------+----------+-------------------------------------------
     0 | D:1      | vvl the Hill Orc Fighter began the quest for the Orb.
     0 | D:1      | Reached XP level 1. HP: 19/19 MP: 1/1
   189 | D:1      | Reached XP level 2. HP: 27/27 MP: 2/2
   294 | D:2      | Reached skill level 4 in Fighting
   294 | D:2      | Reached skill level 1 in Invocations
   305 | D:2      | Reached XP level 3. HP: 11/33 MP: 3/3
   646 | D:4      | Reached skill level 1 in Evocations
   646 | D:4      | Reached XP level 4. HP: 29/41 MP: 3/5
   933 | D:4      | Noticed a phantom
  1007 | D:4      | Killed a phantom
  1008 | D:4      | Reached skill level 5 in Fighting
  1008 | D:4      | Reached XP level 5. HP: 11/48 MP: 6/6
  1403 | D:4      | Found a staircase to the Ecumenical Temple.
  1625 | D:4      | Found a runed translucent door.
  1626 | D:4      | Noticed Crazy Yiuf
  1633 | D:4      | Killed Crazy Yiuf
  1634 | D:4      | Reached XP level 6. HP: 49/56 MP: 7/7
  1785 | D:5      | Entered Level 5 of the Dungeon
  2323 | D:5      | Became a worshipper of Beogh the Brigand
  2335 | D:5      | Reached XP level 7. HP: 34/62 MP: 9/9
  2599 | D:3      | Reached skill level 6 in Fighting
  4198 | D:2      | Reached * piety under Beogh
  4295 | D:2      | Found a stormy altar of Qazlal.
  4317 | D:2      | Found a burning altar of Makhleb.
  4765 | D:3      | Found a shimmering altar of Xom.
  5114 | D:3      | Found a blossoming altar of Fedhas.
  5163 | D:3      | Noticed an oklob plant
  5180 | D:3      | Killed an oklob plant
  5181 | D:3      | Reached skill level 7 in Fighting
  5181 | D:3      | Reached skill level 5 in Axes
  5181 | D:3      | Reached skill level 5 in Shields
  5181 | D:3      | Reached XP level 8. HP: 31/73 MP: 9/11
  5831 | D:5      | Reached skill level 5 in Armour
  6185 | D:6      | Found a sand-covered staircase.
  6194 | Ossuary  | Entered an ossuary
  6330 | Ossuary  | Reached ** piety under Beogh
  6455 | Ossuary  | Slain by a wyvern zombie

Illustrated notes

Levels and vault maps discovered:
D:1:      evilmike_arrival_rings, layout_loops_cross, serial_forest,
          infiniplex_forest_straight_4, infiniplex_forest_lined_room_,
          infiniplex_forest_split, infiniplex_forest_end_2,
          infiniplex_forest_lined_room_2, infiniplex_forest_clump_long,
          palyth_stone_intersect
D:2:      cheibrodos_old_hovel, layout_basic, makhleb_heckhound_becter,
          grunt_qazlal_clouds
D:3:      layout_basic, general_overflow_altar, tgw_fedhas
D:4:      layout_cave_pools, minmay_temple_entry_wispy, uniq_crazy_yiuf_cottage
D:5:      layout_basic
D:6:      layout_cave_pods, enter_ossuary_1
Ossuary:  ossuary_zaba_flooded

Skill      XL: |  1  2  3  4  5  6  7  8 |
---------------+-------------------------+-----
Fighting       | 4 5 7 |  7.7
Axes           | 3 4 5 |  5.8
Invocations    | 1 2 3 4 |  4.8
Evocations     | 1 2 3 |  3.6
Shields        | 4 5 |  5.4
Armour         | 4 5 |  5.2

Action                   |  1- 3 |  4- 6 |  7- 9 || total
-------------------------+-------+-------+-------++-------
Melee: War axe           |    48 |    65 |       ||   113
       Quarterstaff      |       |    33 |   206 ||   239
       Unarmed           |       |    10 |       ||    10
Invok: Convert to Beogh  |       |     1 |       ||     1
  Use: Potion            |       |       |     1 ||     1
       Scroll            |       |       |     7 ||     7
 Stab: Paralysed         |       |       |     1 ||     1
Armor: Scale mail        |    23 |    54 |   100 ||   177
Dodge: Dodged            |    17 |    56 |    80 ||   153
Block: Kite shield       |    27 |    22 |       ||    49
